 Dungeon Crawl Stone Soup version 0.31-a0-192-ga50d7bf3bb (webtiles) character file.

Game seed: 3534543096755860457

8180 gudo the Protected (level 11, -7/97 HPs)
             Began as a Meteoran Earth Elementalist on June 23, 2023.
             Was a Believer of Okawaru.
             Mangled by a death yak (20 damage)
             ... on level 11 of the Dungeon on June 24, 2023.
             The game lasted 00:46:28 (6878 turns).

gudo the Protected (Meteoran Earth Elementalist)    Turns: 6878, Time: 00:46:29

Health: -7/97      AC: 17    Str: 13    XL:     11   Next: 79%
Magic:  17/29      EV: 14    Int: 21    God:    Okawaru [**....]
Gold:   565        SH:  0    Dex: 15    Spells: 16/20 levels left

rFire   + . .        c - +2 whip (freeze)
rCold   . . .        (no shield)
rNeg    . . .        f - +2 ring mail {rF+}
rPois   .            o - +0 helmet
rElec   .            (no cloak)
rCorr   .            y - +1 pair of gloves {Str+3}
SInv    .            j - +0 pair of boots
Will    +....        w - amulet of faith
Stlth   +            i - ring of magical power
HPRegen 0.36/turn    (no ring)
MPRegen 0.21/turn

%: faith
@: mighty, heroic, glowing
A: sense surroundings 2, otherworldly, glowing, explore regen
a: Renounce Religion, Heroism


You were on level 11 of the Dungeon.
You worshipped Okawaru.
Okawaru was pleased with you.
You visited 3 branches of the dungeon, and saw 13 of its levels.

You collected 565 gold pieces.

Inventory:

Hand Weapons
 c - a +2 whip of freezing (weapon)
Missiles
 p - 2 throwing nets
Armour
 a - a +0 robe
 f - a +2 ring mail of fire resistance (worn)
 j - a +0 pair of boots (worn)
 k - a +0 pair of gloves
 o - a +0 helmet (worn)
 y - a +1 pair of gloves of strength (worn)
Magical Staves
 u - a staff of poison
Jewellery
 d - an amulet of regeneration
 i - a ring of magical power (left hand)
 n - a +6 ring of intelligence
 q - an amulet of guardian spirit
 r - a ring of poison resistance
 w - an amulet of faith (around neck)
Wands
 e - a wand of polymorph (7)
 t - a wand of digging (3)
Scrolls
 h - 5 scrolls of teleportation
 m - 2 scrolls of identify
Potions
 b - a potion of magic
 g - 2 potions of mutation
 l - 4 potions of curing
 s - a potion of ambrosia
 v - a potion of invisibility
 x - 3 potions of brilliance
 z - a potion of degeneration
Miscellaneous
 B - a tin of tremorstones (inert)


   Skills:
 + Level 9.0(14.0) Fighting
 - Level 0.1(5.6) Short Blades
 - Level 1.2(6.2) Long Blades
 - Level 0.2(9.5) Axes
 - Level 8.2(13.2) Maces & Flails
 - Level 0.2(5.3) Polearms
 - Level 0.2(9.5) Staves
 - Level 12.0(17.0) Armour
 - Level 2.4(7.4) Dodging
 - Level 1.4(6.4) Stealth
 - Level 0.4(5.4) Shields
 + Level 5.4 Spellcasting
 - Level 7.9 Conjurations
 + Level 1.9 Hexes
 + Level 0.1 Summonings
 + Level 0.1 Necromancy
 + Level 0.2 Translocations
 - Level 1.2 Transmutations
 + Level 0.1 Fire Magic
 + Level 0.1 Ice Magic
 + Level 0.2 Air Magic
 - Level 4.3 Earth Magic
 + Level 0.1 Poison Magic
 - Level 4.0 Invocations


You had 16 spell levels left.
You knew the following spells:

 Your Spells              Type           Power      Damage    Failure   Level
a - Sandblast             Erth           46%        2d11      2%          1
b - Stone Arrow           Conj/Erth      62%        3d10      4%          3

Your spell library contained the following spells:

 Spells                   Type           Power      Damage    Failure   Level
 Static Discharge         Conj/Air       44%        2-4/arc   4%          2
 Passwall                 Tmut/Erth      14%        N/A       9%          2
 Cigotuvi's Dreadful Rot  Necr/Pois/Air  12%        N/A       24%         2
 Sublimation of Blood     Necr           6%         N/A       24%         2
 Inner Flame              Hex/Fire       10%        N/A       32%         3
 Ozocubu's Armour         Ice            6%         N/A       43%         3
 Petrify                  Tmut/Erth      17%        N/A       47%         4
 Irradiate                Conj/Tmut      12%        3d15      56%         5
 Airstrike                Air            3%         2d(1-17)  83%         4
 Dispel Undead            Necr           6%         3d8       83%         4
 Yara's Violent Unravell  Hex/Tmut       6%         3d5       94%         5
 Blade Hands              Tmut           5%         N/A       95%         5
 Metabolic Englaciation   Hex/Ice        5%         N/A       97%         5
 Eringya's Noxious Bog    Tmut/Pois      4%         N/A       100%        6
 Dragon Form              Tmut           5%         N/A       100%        7
 Enfeeble                 Hex            6%         N/A       100%        7
 Summon Lightning Spire   Summ/Air       Unusable   N/A       N/A         4
 Summon Forest            Summ/Tloc      Unusable   N/A       N/A         5
 Death Channel            Necr           Unusable   N/A       N/A         6
 Simulacrum               Ice/Necr       Unusable   N/A       N/A         6
 Summon Hydra             Summ           Unusable   N/A       N/A         7

Dungeon Overview and Level Annotations

Branches:
Dungeon (11/15) Zot: 354   Temple (1/1) D:6 Zot: 374     Orc (1/2) D:10 Zot: 556
   Lair: D:8-11

Altars:
Ashenzari
Cheibriados
Dithmenos
Elyvilon
Gozag
Kikubaaqudgha
Makhleb
Nemelex Xobeh
Okawaru
Qazlal
Ru
Sif Muna
Trog
Uskayaw
Vehumet
Wu Jian
Xom
Yredelemnul
Zin
The Shining One

Shops:
D:8 :   D:10 ?

Annotations:
D:3 2 transporters, mmBingo's ghost, amateur DsIE
D:6 2 transporters
Orc:1 2 transporters


Innate Abilities, Weirdness & Mutations

You passively map the area around you.
You are easily found by Zot.
You glow in the dark.
You regain HP and MP as you explore.


Message History

The death yak is moderately wounded.
The death yak gores you but does no damage.
You hit the death yak. You freeze the death yak.
The death yak is moderately wounded.
The death yak gores you.
You whack the death yak! You freeze the death yak.
The death yak is heavily wounded.
You hit the death yak. You freeze the death yak.
The death yak is heavily wounded.
The death yak misses you.
You whack the death yak! You freeze the death yak.
The death yak is heavily wounded.
The death yak gores you!!
* * * LOW HITPOINT WARNING * * *
You whack the death yak! You freeze the death yak.
The death yak is severely wounded.
You hit the death yak. You freeze the death yak.
The death yak is severely wounded.
The death yak barely misses you.
You whack the death yak! You freeze the death yak.
You kill the death yak!
Okawaru is honoured by your kill.
Your Fighting skill increases to level 9!
You hit the death yak. You freeze the death yak.
The death yak is lightly wounded.
You barely miss the death yak.
The death yak is lightly wounded.
The death yak gores you but does no damage.
You whack the death yak! You freeze the death yak.
The death yak is moderately wounded.
The death yak gores you but does no damage.
You whack the death yak! You freeze the death yak.
The death yak is moderately wounded.
You barely miss the death yak.
The death yak is moderately wounded.
The death yak gores you!!
* * * LOW HITPOINT WARNING * * *
You gain the combat prowess of a mighty hero.
The death yak gores you!!
You die...

#. ........####
#.##.#
##*#######.#
#....# #.# #..###
#.# #..# #.# #..#
, #.####### #..#
,,. #.......# #..#
* .. #######<#
#<.#* ... #@#
#..#* ....* #Y#
##..##....#
#Y#####...Y......*
#.##.Y.....YY....
*
#>##Y####.#.#.##.,
, ##### #.##.#
#.#.# .. , , ,.Y.#
#.##.# #.#.# .,
****#Y#####.##.#
#.# , ,
#.......Y..####..
,,


You could see 2 death yaks.

Vanquished Creatures
  A boulder beetle (D:11)
  3 death yaks (D:11)
  A kobold demonologist (D:10)
  A hornet (D:10)
  2 wyverns (D:9)
  7 yaks
  3 steam dragons
  An acid dragon (D:10)
  4 water moccasins
  A black bear (D:5)
  2 ice beasts (D:7)
  2 orc warriors
  2 centaurs (D:9)
  4 ogres
  A phantom (D:5)
  3 kobold brigands
  2 bullfrogs
  3 scorpions
  A gnoll sergeant (D:10)
  A water moccasin zombie (D:5)
  5 killer bees (D:9)
  3 howler monkeys (D:11)
  3 hounds
  3 jellies
  A gnoll bouda (D:5)
  8 orc priests
  3 iguanas
  4 sleepcaps
  2 scorpion zombies (D:5)
  Natasha (twice) (D:3 D:2)
  8 orc wizards
  Robin (D:4)
  11 gnolls
  5 adders
  4 white imps
  A dart slug (D:2)
  32 orcs
  7 endoplasms
  4 giant cockroaches
  19 goblins
  7 hobgoblins
  3 jackals (D:1)
  3 quokkas
  7 ball pythons
  5 bats
  6 frilled lizards
  10 kobolds
  6 rats
218 creatures vanquished.

Vanquished Creatures (collateral kills)
  An iguana (D:6)
1 creature vanquished.

Grand Total: 219 creatures vanquished

Notes
Turn   | Place    | Note
-------+----------+-------------------------------------------
     0 | D:1      | gudo the Meteoran Earth Elementalist began the quest for
                  | the Orb.
     0 | D:1      | Reached XP level 1. HP: 14/14 MP: 5/5
   134 | D:1      | Reached XP level 2. HP: 10/20 MP: 4/6
   409 | D:1      | Reached skill level 1 in Maces & Flails
   494 | D:1      | Glimpsed the power of Zot.
   530 | D:1      | Reached XP level 3. HP: 20/26 MP: 8/8
   543 | D:1      | Glimpsed the power of Zot.
   767 | D:2      | Reached XP level 4. HP: 18/33 MP: 9/9
  1096 | D:2      | Glimpsed the power of Zot.
  1286 | D:3      | Found a transporter.
  1289 | D:3      | Noticed mmBingo's ghost (amateur DsIE)
  1304 | D:3      | Noticed Natasha
  1325 | D:3      | Killed Natasha
  1326 | D:3      | Reached XP level 5. HP: 27/38 MP: 8/10
  1406 | D:3      | Found a transporter.
  1461 | D:3      | Reached skill level 5 in Maces & Flails
  1461 | D:3      | Reached skill level 1 in Armour
  1478 | D:3      | Learned a level 3 spell: Stone Arrow
  1531 | D:3      | Noticed Natasha
  1547 | D:2      | Killed Natasha
  1548 | D:2      | Reached XP level 6. HP: 41/45 MP: 11/11
  1645 | D:4      | Reached skill level 2 in Armour
  1768 | D:4      | Found an opulent altar of Gozag.
  1859 | D:4      | Reached XP level 7. HP: 50/50 MP: 12/12
  1892 | D:4      | Reached skill level 3 in Armour
  2053 | D:4      | Noticed Robin
  2085 | D:4      | Killed Robin
  2331 | D:4      | Glimpsed the power of Zot.
  2340 | D:5      | Entered Level 5 of the Dungeon
  2404 | D:5      | Found a hide-covered altar of Uskayaw.
  2407 | D:5      | Found a glowing silver altar of Zin.
  2496 | D:5      | Reached skill level 4 in Armour
  2496 | D:5      | Reached XP level 8. HP: 55/57 MP: 13/13
  2530 | D:5      | Reached skill level 5 in Armour
  2584 | D:5      | Reached skill level 6 in Armour
  2636 | D:5      | Reached skill level 7 in Armour
  2994 | D:5      | Glimpsed the power of Zot.
  3039 | D:6      | Noticed a steam dragon
  3063 | D:6      | Killed a steam dragon
  3064 | D:6      | Reached skill level 8 in Armour
  3064 | D:6      | Gained mutation: You passively map the area around you.
                  | [Meteoran growth]
  3064 | D:6      | Reached XP level 9. HP: 61/62 MP: 14/14
  3158 | D:6      | Found a staircase to the Ecumenical Temple.
  3187 | Temple   | Entered the Ecumenical Temple
  3404 | Temple   | Became a worshipper of Warmaster Okawaru
  3497 | D:6      | Noticed a hell hog
  3499 | D:6      | Found a transporter.
  3528 | D:6      | Reached skill level 9 in Armour
  3545 | D:6      | Found a transporter.
  3624 | D:6      | Reached skill level 10 in Armour
  3624 | D:6      | Reached skill level 1 in Invocations
  3674 | D:6      | Reached * piety under Okawaru
  3871 | D:6      | Glimpsed the power of Zot.
  4021 | D:7      | Reached skill level 11 in Armour
  4051 | D:7      | Reached skill level 1 in Fighting
  4190 | D:7      | Reached XP level 10. HP: 57/75 MP: 15/15
  4277 | D:7      | Found an ornate altar of the Wu Jian Council.
  4507 | D:7      | Glimpsed the power of Zot.
  4811 | D:8      | Upgraded the game from 0.31-a0-188-g5e087ee2ca to
                  | 0.31-a0-192-ga50d7bf3bb
  4814 | D:8      | Reached skill level 5 in Fighting
  4899 | D:8      | Found a radiant altar of Vehumet.
  5087 | D:8      | Found Sinelleu's Vocational Training.
  5132 | D:8      | Glimpsed the power of Zot.
  5182 | D:8      | Glimpsed the power of Zot.
  5408 | D:9      | Reached skill level 1 in Long Blades
  5429 | D:9      | Reached skill level 1 in Hexes
  5778 | D:9      | Glimpsed the power of Zot.
  5795 | D:10     | Entered Level 10 of the Dungeon
  5795 | D:10     | Found Doqoolor's Magic Scroll Boutique.
  6011 | D:10     | Noticed a kobold demonologist
  6046 | D:10     | Killed a kobold demonologist
  6047 | D:10     | Reached skill level 12 in Armour
  6047 | D:10     | Reached skill level 5 in Conjurations
  6101 | D:10     | Reached XP level 11. HP: 56/89 MP: 1/16
  6110 | D:10     | Reached ** piety under Okawaru
  6266 | D:10     | Found a stormy altar of Qazlal.
  6401 | D:10     | Found a staircase to the Orcish Mines.
  6447 | D:10     | Glimpsed the power of Zot.
  6483 | Orc:1    | Entered Level 1 of the Orcish Mines
  6483 | Orc:1    | Found an ornate altar of the Wu Jian Council.
  6483 | Orc:1    | Found a transporter.
  6488 | Orc:1    | Found a transporter.
  6530 | Orc:1    | Noticed an orc high priest
  6535 | Orc:1    | Noticed a sixfirhy
  6552 | D:10     | Glimpsed the power of Zot.
  6560 | D:11     | Noticed a death yak
  6560 | D:11     | Noticed a cyclops
  6560 | D:11     | Noticed a death yak
  6583 | D:11     | Noticed a two-headed ogre
  6589 | D:11     | Noticed a cyclops
  6656 | D:11     | Noticed a boulder beetle
  6688 | D:11     | Killed a boulder beetle
  6826 | D:11     | Noticed a death yak
  6827 | D:11     | Noticed a death yak
  6827 | D:11     | Noticed a death yak
  6832 | D:11     | Noticed a death yak
  6834 | D:11     | Noticed a death yak
  6855 | D:11     | Killed a death yak
  6863 | D:11     | Killed a death yak
  6864 | D:11     | Reached skill level 5 in Spellcasting
  6872 | D:11     | Killed a death yak
  6878 | D:11     | Mangled by a death yak

Illustrated notes

Levels and vault maps discovered:
D:1:      matt_arrival_grand_opening, layout_basic
D:2:      layout_rooms, serial_forest, infiniplex_forest_lined_room_,
          infiniplex_forest_clump_double, infiniplex_forest_side_room,
          infiniplex_forest_side_room, infiniplex_forest_lined_room_2,
          minmay_cupped
D:3:      layout_rooms, gammafunk_ghost_mausoleum, uniq_natasha
D:4:      layout_loops_ring, grunt_gozag_breadcrumbs, eino_tiny_chamber,
          uniq_robin
D:5:      layout_loops_ring, nicolae_overflow_hidden_temple, serial_undead,
          serial_undead_b, serial_undead_c, serial_undead_b, serial_undead_e,
          minmay_pentangle
D:6:      layout_gridville, minmay_temple_entry_trees,
          gammafunk_ghost_abyssal_escape, chequers_serial_rivers_small_3
D:7:      layout_layer_cave, pdpol_wu_jian_five_deadly_venoms,
          kennysheep_generic_room_13
D:8:      layout_basic, kennysheep_mini, mainiacjoe_overflow_big_doors,
          serial_co_window_serial, co_window_cross_1,
          co_window_of_opportunity_a, co_window_paths_b, co_window_corner_a,
          co_window_corner_a, co_window_cross_1, co_window_paths_b,
          co_window_broadway_c, co_window_of_opportunity_b,
          co_window_unsneaky_path_a, co_window_2corner,
          co_window_of_opportunity_c, co_window_unsneaky_path_a,
          nicolae_shop_vocational, uniq_erica
D:9:      layout_basic, minivault_19
D:10:     layout_irregular_city, lemuel_doored_altar, orc_0_dummy, serial_shops,
          shop
D:11:     layout_loops_ring, dpeg_lair_monsters
Temple:   eino_narrow_crystal_temple
Orc:1:    dreamdust_wu_jian_sword_trials, layout_caves,
          statue_in_the_mist_lemuel, mines1_david

Skill      XL: |  1  2  3  4  5  6  7  8  9 10 11 |
---------------+----------------------------------+-----
Earth Magic    | 4 |  4.3
Maces & Flails | 1 3 4 5 6 8 |  8.2
Armour         | 1 2 4 8 11 12 | 12.0
Invocations    | 4 |  4.0
Fighting       | 2 5 9 |  9.0
Conjurations   | 6 7 |  7.9
Long Blades    | 1 |  1.2
Hexes          | 1 |  1.9
Spellcasting   | 5 |  5.4
Short Blades   | |  0.1
Axes           | |  0.2
Polearms       | |  0.2
Staves         | |  0.2
Dodging        | |  2.4
Stealth        | |  1.4
Shields        | |  0.4
Summonings     | |  0.1
Necromancy     | |  0.1
Translocations | |  0.2
Transmutations | |  1.2
Fire Magic     | |  0.1
Ice Magic      | |  0.1
Air Magic      | |  0.2
Poison Magic   | |  0.1

Action                     |  1- 3 |  4- 6 |  7- 9 | 10-12 || total
---------------------------+-------+-------+-------+-------++-------
  Melee: Unarmed           |    34 |       |       |       ||    34
         Whip              |    81 |   152 |   527 |   456 ||  1216
         Punch             |     1 |     1 |    11 |    22 ||    35
   Cast: Sandblast         |    10 |     1 |     5 |     3 ||    19
         Stone Arrow       |       |       |       |    36 ||    36
 Invoke: Heroism           |       |       |     3 |    21 ||    24
  Evoke: Tin of tremorston |       |       |       |     2 ||     2
    Use: Scroll            |     2 |     4 |     8 |     6 ||    20
         Potion            |       |       |     2 |     5 ||     7
   Stab: Distracted        |       |       |     1 |       ||     1
 Armour: Robe              |    32 |     7 |       |       ||    39
         Ring mail         |       |    54 |   212 |   202 ||   468
  Dodge: Dodged            |    54 |    58 |   179 |   208 ||   499

Table legend: (Time is in decaauts)
 A = Elapsed time spent in this place.
 B = Non-inter-level travel time spent in this place.
 C = Inter-level travel time spent in this place.
 D = Time resting spent in this place.
 E = Time spent auto-exploring this place.
 F = Levels seen in this place.
 G = Mean time per level.
                   A        B        C        D        E       F      G
               +--------+--------+--------+--------+--------+-----+--------+
         Total |   6513 |   6219 |    294 |      0 |   4246 |  13 |  501.0 |
       Dungeon |   6244 |   5975 |    269 |      0 |   4072 |  11 |  567.6 |
        Temple |    225 |    202 |     23 |      0 |    174 |   1 |  225.0 |
  Orcish Mines |     43 |     43 |      0 |      0 |      0 |   1 |   43.0 |
               +--------+--------+--------+--------+--------+-----+--------+

Top non-repeatable levels by time:
     D:4: 679 daAuts
     D:8: 656 daAuts
    D:10: 637 daAuts
     D:5: 618 daAuts
     D:6: 606 daAuts
     D:7: 590 daAuts
     D:2: 571 daAuts
     D:1: 557 daAuts
     D:9: 535 daAuts
     D:3: 500 daAuts
    D:11: 290 daAuts
  Temple: 225 daAuts
   Orc:1: 43 daAuts
